 Dungeon Crawl Stone Soup version 0.22-a0-292-g0df9d5f (webtiles) character file.

4715 Amnesiac the Zephyrmancer (level 10, -3/53 HPs)
             Began as a Tengu Air Elementalist on Mar 23, 2018.
             Was a Believer of Sif Muna.
             Slain by an orc knight
             ... wielding a +0 halberd
              (35 damage)
             ... in a bailey.
             The game lasted 00:20:07 (7592 turns).

Amnesiac the Zephyrmancer (Tengu Air Elementalist)  Turns: 7592, Time: 00:20:07

Health: -3/53      AC: 11    Str:  8    XL:     10   Next: 45%
Magic:  3/26       EV: 21    Int: 24    God:    Sif Muna [**....]
Gold:   354        SH:  0    Dex: 20    Spells: 17/31 levels left

rFire    + + .     SeeInvis .   m - +8 hunting sling
rCold    + . .     Gourm    .   (no shield)
rNeg     . . .     Faith    .   f - +3 ring mail {rF+}
rPois    +         Spirit   .   B - +1 hat
rElec    +         Reflect  .   (no cloak)
rCorr    +         Harm     .   (no gloves)
MR       .....                  (boots unavailable)
Stlth    +++.......             (no amulet)
HPRegen  0.17/turn              A - +5 ring of intelligence
MPRegen  0.20/turn              r - +2 ring of protection

@: agile, resistant, flying quickly and evasively, very slightly contaminated,
hasted, divine energy, very quick
A: beak, talons 3, able to fly 1
a: Stop Divine Energy, Renounce Religion


You were in a bailey.
You worshipped Sif Muna.
Sif Muna was pleased with you.
You were hungry.

You visited 2 branches of the dungeon, and saw 9 of its levels.
You also visited: Bailey.

You collected 354 gold pieces.

Inventory:

Hand Weapons
 m - a +8 hunting sling (weapon)
 y - a +0 blowgun
Missiles
 n - 27 sling bullets (quivered)
 s - 8 needles of confusion
 v - 10 poisoned needles
Armour
 f - a +3 ring mail of fire resistance (worn)
 B - a +1 hat (worn)
Jewellery
 d - an uncursed ring of wizardry
 l - an uncursed ring of protection from magic
 p - an uncursed ring of protection from fire
 r - a +2 ring of protection (right hand)
 A - a +5 ring of intelligence (left hand)
Wands
 j - a wand of digging (6)
 w - a wand of random effects (31)
 z - a wand of enslavement (16)
Scrolls
 i - 4 scrolls of teleportation {!r}
 o - 2 scrolls of magic mapping {!r}
 q - 8 scrolls of remove curse {!r}
Potions
 b - a potion of agility {!q}
 g - a potion of mutation {!q}
 h - 4 potions of lignification {!q}
 k - 3 potions of curing {!q}
 t - a potion of flight {!q}
Comestibles
 c - 16 rations


   Skills:
 - Level 2.1 Fighting
 + Level 4.6 Dodging
 - Level 2.0 Stealth
 * Level 11.0 Spellcasting
 - Level 1.3 Conjurations
 + Level 11.0 Air Magic


You had 17 spell levels left.
You knew the following spells:

 Your Spells              Type           Power        Failure   Level  Hunger
a - Airstrike             Air            ######....   1%          4    None
b - Swiftness             Chrm/Air       #####...     2%          2    None
d - Lightning Bolt        Conj/Air       #####.....   30%         5    ####...
r - Regeneration          Chrm/Necr      ##........   41%         3    None


Dungeon Overview and Level Annotations

Branches:
Dungeon (8/15)             Temple (1/1) D:6
   Lair: D:8-11

Altars:
Ashenzari
Cheibriados
Dithmenos
Elyvilon
Fedhas
Gozag
Hepliaklqana
Kikubaaqudgha
Makhleb
Nemelex Xobeh
Okawaru
Qazlal
Ru
Sif Muna
Trog
Uskayaw
Vehumet
Wu Jian
Xom
Yredelemnul
Zin
The Shining One
Lugonu

Annotations:
D:3 DEFE's ghost, amateur DEWn


Innate Abilities, Weirdness & Mutations

You have a beak for a mouth.
You have claws for feet.
You can fly.


Message History

An orc knight comes into view. It is wielding a trident.
An orc knight is nearby!
An orc knight is nearby!
Casting: Airstrike (safe; 1% risk of failure)
Confirm with . or Enter, or press ? or * to list all spells.
Okay, then.
Okay, then.
Okay, then.
Really quaff
a - a viscous purple potion {!q}?
It was a potion of resistance {!q}.
You feel protected.
The orc knight shouts!
You hear a shout!
The orc knight roars a battlecry!
Okay, then.
Really quaff
b - 2 grey potions {!q}?
It was a potion of agility {!q}.
You feel agile all of a sudden.
The orc knight roars a battlecry!
Really quaff
g - a gluggy blue potion {!q}?
Okay, then.
Really quaff
D - a metallic golden potion {!q}?
It was a potion of haste {!q}.
You feel yourself speed up.
You see here 2 bolts.
The orc knight roars a battlecry!
The orc warrior goes into a battle-frenzy!
Found a gate leading back out of this place.
An orc knight comes into view. It is wielding a halberd.
The orc knight shouts!
The orc knight roars a battlecry!
The orcs go into a battle-frenzy!
The orc knight hits you with a trident!
You swoop lightly up into the air.
You feel very comfortable in the air.
You are feeling hungry.
The orc knight completely misses you.
Okay, then.
Really quaff
g - a gluggy blue potion {!q}?
Okay, then.
Really read
i - 5 scrolls of teleportation {!r}?
As you read the scroll of teleportation {!r}, it crumbles to dust.
You feel strangely unstable. The orc knight closely misses you.
The orc warrior barely misses you.
Okay, then.
Really quaff
t - 2 white potions {!q}?
It was a potion of flight {!q}.
You feel more buoyant.
The orc warrior hits you from afar with a halberd!
* * * LOW HITPOINT WARNING * * *
The orc knight closely misses you.
You see here 2 sling bullets.
Really quaff
k - 5 potions of curing {!q}?
You feel better.
Really quaff
k - 4 potions of curing {!q}?
You feel better.
The orc warrior hits you from afar with a halberd.
The orc knight completely misses you. The orc knight misses you.
Okay, then.
Really read
C - a scroll of identify {!r}?
As you read the scroll of identify {!r}, it crumbles to dust.
g - a potion of mutation {!q} Your surroundings seem slightly different.
The orc knight hits you from afar with a halberd!!
Ouch! That really hurt!
You die...

### #########∩##
#####
##..(§.##...##.....
#..≈≈≈)o#...#..≈≈≈.
#.≈≈o≈≈o......≈≈o≈≈
..'.≈ooo≈.@.....≈oo.≈
..#.≈≈.≈≈.).....≈≈o≈≈
. #..≈≈≈..#...#..≈≈≈
##.....##.∩(# ....
#########∩## ### ###


You could see 3 orc knights, 3 orc warriors and an orc.

Vanquished Creatures
  A hornet (D:8)
  3 hippogriffs
  A wraith (D:7)
  The ghost of TheNamelessOne the Firebug, an amateur DsFE (D:6)
  3 orc warriors (Bailey)
  A sky beast (D:7)
  A phantom (D:6)
  3 ice beasts
  3 ogres
  A necrophage (D:7)
  2 centaurs
  2 wolves (D:8)
  Blork the orc (D:4)
  4 bullfrogs
  A big kobold (D:7)
  A gnoll sergeant (D:8)
  11 killer bees (D:7)
  4 wights (D:7)
  3 howler monkeys (D:8)
  6 crimson imps
  A quasit (D:7)
  A jelly (D:8)
  An orc priest (D:6)
  A centaur skeleton (D:5)
  2 hounds
  9 orc wizards
  3 iguanas
  A statue (D:5)
  2 hound skeletons
  3 worker ant zombies
  11 adders
  5 gnolls (D:8)
  A shadow imp (D:7)
  2 white imps (D:8)
  An ufetubus (D:8)
  An ooze (D:7)
  An adder zombie (D:7)
  A worm (D:3)
  3 dart slugs
  3 leopard geckos
  23 orcs
  13 bats
  6 giant cockroaches
  7 goblins
  9 hobgoblins
  2 jackals (D:5)
  A quokka (D:4)
  A ball python (D:1)
  6 frilled lizards
  A jackal zombie (D:5)
  12 kobolds
  4 rats
191 creatures vanquished.

Notes
Turn   | Place    | Note
-------+----------+-------------------------------------------
     0 | D:1      | Amnesiac the Tengu Air Elementalist began the quest for the Orb.
     0 | D:1      | Reached XP level 1. HP: 10/10 MP: 4/4
   129 | D:1      | Reached XP level 2. HP: 2/15 MP: 3/6
   537 | D:1      | Reached skill level 5 in Air Magic
   585 | D:1      | Reached XP level 3. HP: 18/19 MP: 0/7
  1561 | D:2      | Reached XP level 4. HP: 21/24 MP: 2/9
  1567 | D:2      | Learned a level 4 spell: Airstrike
  1919 | D:2      | You fall through a shaft!
  2146 | D:3      | Noticed DEFE's ghost (amateur DEWn)
  2253 | D:3      | Gained mutation: You can fly. [Tengu growth]
  2253 | D:3      | Reached XP level 5. HP: 17/28 MP: 7/10
  2349 | D:3      | Found a shadowy altar of Dithmenos.
  2659 | D:3      | Reached XP level 6. HP: 20/32 MP: 2/12
  3059 | D:3      | Found a burning altar of Makhleb.
  3219 | D:3      | Found a bloodstained altar of Trog.
  3341 | D:4      | Noticed Blork the orc
  3346 | D:4      | Killed Blork the orc
  3726 | D:4      | Found an ancient bone altar of Kikubaaqudgha.
  3726 | D:4      | Found a shattered altar of Ashenzari.
  3731 | D:4      | Found an iron altar of Okawaru.
  3733 | D:4      | Found a faded altar of an unknown god.
  3735 | D:4      | Found a faded altar of an unknown god.
  4026 | D:4      | Found a white marble altar of Elyvilon.
  4187 | D:5      | Entered Level 5 of the Dungeon
  4189 | D:5      | Noticed an ice beast
  4193 | D:5      | Killed an ice beast
  4193 | D:5      | Reached skill level 5 in Spellcasting
  4193 | D:5      | Reached XP level 7. HP: 36/36 MP: 13/15
  4216 | D:5      | Found a snail-covered altar of Cheibriados.
  4225 | D:5      | Found a basalt altar of Yredelemnul.
  4236 | D:5      | Got a translucent chain mail
  4293 | D:5      | Found a blossoming altar of Fedhas.
  4480 | D:5      | Found a radiant altar of Vehumet.
  4604 | D:5      | Identified the +1 chain mail of Paushrib {rN++} (You found it on level 5 of the Dungeon)
  4907 | D:6      | Noticed TheNamelessOne's ghost (amateur DsFE)
  4910 | D:6      | Killed TheNamelessOne's ghost
  4910 | D:6      | Reached XP level 8. HP: 41/41 MP: 1/19
  5229 | D:6      | Reached skill level 1 in Fighting
  5354 | D:6      | Found a hazy altar of Hepliaklqana.
  5458 | D:6      | Found a staircase to the Ecumenical Temple.
  5471 | Temple   | Entered the Ecumenical Temple
  5592 | Temple   | Became a worshipper of Sif Muna the Loreminder
  5817 | D:7      | Noticed a wraith
  5820 | D:7      | Killed a wraith
  5953 | D:7      | Learned a level 5 spell: Lightning Bolt
  5956 | D:7      | Learned a level 2 spell: Swiftness
  5996 | D:7      | Reached XP level 9. HP: 42/48 MP: 9/22
  6160 | D:7      | Reached * piety under Sif Muna
  6506 | D:7      | Learned a level 3 spell: Regeneration
  6932 | D:7      | Reached skill level 10 in Air Magic
  6937 | D:7      | Reached skill level 10 in Spellcasting
  6941 | D:7      | Reached ** piety under Sif Muna
  7163 | D:8      | Found a flagged portal.
  7171 | D:8      | Reached XP level 10. HP: 31/53 MP: 14/25
  7305 | Bailey   | Entered a bailey
  7305 | Bailey   | Noticed an orc knight
  7576 | Bailey   | Noticed an orc knight
  7581 | Bailey   | Noticed an orc knight
  7592 | Bailey   | Slain by an orc knight

Vault maps used:
D:1:      minmay_arrival_four_houses
D:3:      lemuel_coloured_pillars_altar, lemuel_doored_altar,
          makhleb_grotto_becter
D:4:      chequers_temple_overflow_minitemple, elyvilon_altar_4,
          uniq_blork_the_orc
D:5:      vehumet_statue, yredelemnul_altar_generic, cheibriados_altar_1,
          first_ration, fedhas_bush_and_centaur_altar
D:6:      kennysheep_mini, temple_statues
D:8:      enter_bailey_2, serial_ice, serial_ice_l, serial_ice_g, serial_ice_c,
          serial_ice_d, serial_ice_m, serial_ice_e, serial_ice_a
Temple:   kb_corrupted_temple
Bailey:   bailey_polearm_4, bailey

Skill      XL: |  1  2  3  4  5  6  7  8  9 10 |
---------------+-------------------------------+-----
Air Magic      | 5 6 7 8 10 11 | 11.0
Spellcasting   | 3 5 6 8 10 11 | 11.0
Fighting       | 2 |  2.1
Dodging        | 3 4 |  4.6
Stealth        | |  2.0
Conjurations   | |  1.3

Action                   |  1- 3 |  4- 6 |  7- 9 | 10-12 || total
-------------------------+-------+-------+-------+-------++-------
Melee: Unarmed           |     5 |       |       |       ||     5
       Kick              |     6 |     1 |       |       ||     7
       Dagger            |    26 |       |       |       ||    26
       Peck              |     2 |     1 |       |       ||     3
       Hunting sling     |       |     1 |       |       ||     1
 Fire: Hunting sling     |    11 |   109 |   192 |    47 ||   359
 Cast: Shock             |    66 |    52 |     9 |       ||   127
       Airstrike         |       |    11 |    49 |    32 ||    92
Invok: Divine Energy     |       |       |     1 |       ||     1
 Abil: Fly               |       |       |     1 |     1 ||     2
  Use: Potion            |     1 |       |       |    10 ||    11
       Scroll            |       |     6 |    14 |     3 ||    23
  Eat: Chunk             |     3 |    10 |    13 |     1 ||    27
Armor: Robe              |     2 |       |       |       ||     2
       Ring mail         |    31 |    46 |    60 |    17 ||   154
Dodge: Dodged            |    58 |    42 |    87 |    46 ||   233

Table legend:
 A = Spawn XP
 B = Non-spawn XP
 C = Spawn XP percentage of total XP
 D = Spawn monster count
 E = Non-spawn monster count
 F = Spawn count percentage of total count
 G = Total turns spent on level
                    A         B        C        D         E        F      G
               +---------+---------+-------+---------+---------+-------+---------
         Total |       0 |    6736 |   0.0 |       0 |     191 |   0.0 |  7592
               +---------+---------+-------+---------+---------+-------+---------
           D:1 |       0 |      42 |   0.0 |       0 |      21 |   0.0 |   945
           D:2 |       0 |      51 |   0.0 |       0 |      19 |   0.0 |   974
           D:3 |       0 |     291 |   0.0 |       0 |      36 |   0.0 |  1422
           D:4 |       0 |     215 |   0.0 |       0 |      12 |   0.0 |   846
           D:5 |       0 |     439 |   0.0 |       0 |      16 |   0.0 |   811
           D:6 |       0 |     969 |   0.0 |       0 |      14 |   0.0 |   677
           D:7 |       0 |    2292 |   0.0 |       0 |      45 |   0.0 |  1230
           D:8 |       0 |    2030 |   0.0 |       0 |      25 |   0.0 |   258
        Bailey |       0 |     407 |   0.0 |       0 |       3 |   0.0 |   287
               +---------+---------+-------+---------+---------+-------+---------
